[Event "SWE-ch Blitz 2019"]
[Site "Eskilstuna"]
[Date "2019.07.11"]
[Round "2.20"]
[White "Nygren, Kim"]
[Black "Halvarsson, Peter"]
[Result "1-0"]
[ECO "B27"]
[WhiteElo "2171"]
[BlackElo "1903"]
[Annotator "NA"]
[PlyCount "71"]
[EventDate "2019.07.06"]
[EventType "swiss"]
[EventCountry "SWE"]
[SourceTitle "playchess.com"]
[Source "ChessBase"]
[SourceQuality "1"]
[TimeControl "180+2"]

1. e4 c5 2. Nf3 g6 3. d4 cxd4 4. Qxd4 Nf6 5. Bb5 a6 6. e5 Bg7 7. Ba4 b5 8. Bb3 Nc6 9. Qh4 Ng8 10. Bf4 h6 11. Qg3 Qa5+ 12. Nc3 e6 13. O-O Nge7 14. Ne4 Nf5 15. Qh3 g5 16. Bd2 Qb6 17. g4 Nfd4 18. Nd6+ Ke7 19. Be3 Nxe5 20. Nxc8+ Raxc8 21. Nxd4 Qb7 22. f4 Nc4 23. Bxc4 bxc4 24. c3 h5 25. gxh5 f5 26. Rae1 Bxd4 27. Bxd4 gxf4 28. Qh4+ Kd6 29. Qxf4+ Ke7 30. Qg5+ Kd6 31. Bxh8 Rxh8 32. Rd1+ Kc5 33. Qe3+ Kb5 34. a4+ Ka5 35. Qc5+ Kxa4 36. Ra1+ 1-0

[Event "SWE-ch Blitz 2019"]
[Site "Eskilstuna"]
[Date "2019.07.11"]
[Round "2.21"]
[White "Cramling Bellon, Anna"]
[Black "Zadruzny, Nicolaj"]
[Result "0-1"]
[ECO "E36"]
[WhiteElo "2030"]
[BlackElo "2280"]
[Annotator "NA"]
[PlyCount "116"]
[EventDate "2019.07.06"]
[EventType "swiss"]
[EventCountry "SWE"]
[SourceTitle "playchess.com"]
[Source "ChessBase"]
[SourceQuality "1"]
[TimeControl "180+2"]

1. d4 Nf6 2. c4 e6 3. Nc3 Bb4 4. Qc2 O-O 5. Nf3 d5 6. a3 Bxc3+ 7. Qxc3 dxc4 8. Qxc4 b6 9. Bg5 Ba6 10. Qa4 Qd7 11. Qc2 Nc6 12. Bxf6 gxf6 13. e3 Bxf1 14. Kxf1 Ne7 15. Rc1 Rac8 16. Rd1 Rfd8 17. g3 c5 18. d5 Nxd5 19. Kg2 Qc6 20. e4 Nc7 21. Rhe1 Nb5 22. Rxd8+ Rxd8 23. Qe2 Nd4 24. Nxd4 cxd4 25. Qd3 e5 26. f3 Rc8 27. Re2 Qc1 28. Rd2 Qe1 29. Qe2 Qxe2+ 30. Rxe2 Kf8 31. Kf2 Ke7 32. Ke1 Rc1+ 33. Kd2 Rf1 34. Kd3 Rxf3+ 35. Kc4 Kd6 36. Kb5 Kc7 37. Rc2+ Kb7 38. Kc4 Kc6 39. Kb4+ Kb7 40. Kc4 d3 41. Rd2 Kc6 42. a4 a6 43. b4 b5+ 44. axb5+ axb5+ 45. Kc3 Kd6 46. Kb3 Ke6 47. Kc3 f5 48. exf5+ Kxf5 49. Kb3 e4 50. Kc3 Ke5 51. Ra2 f5 52. Ra5 Rf2 53. Rxb5+ Kf6 54. h4 Rc2+ 55. Kd4 d2 56. Rb6+ Kg7 57. Rb7+ Kg6 58. Rb6+ Kh5 0-1

[Event "SWE-ch Blitz 2019"]
[Site "Eskilstuna"]
[Date "2019.07.11"]
[Round "2.23"]
[White "Didriksson, Mikael"]
[Black "Malm Lindberg, Henrik"]
[Result "0-1"]
[ECO "B22"]
[WhiteElo "1899"]
[BlackElo "2189"]
[Annotator "NA"]
[PlyCount "50"]
[EventDate "2019.07.06"]
[EventType "swiss"]
[EventCountry "SWE"]
[SourceTitle "playchess.com"]
[Source "ChessBase"]
[SourceQuality "1"]
[TimeControl "180+2"]

1. e4 c5 2. c3 Nf6 3. f3 e5 4. d4 cxd4 5. cxd4 exd4 6. Qxd4 Nc6 7. Qe3 Bb4+ 8. Bd2 O-O 9. Bb5 d5 10. Bxc6 Bxd2+ 11. Nxd2 bxc6 12. Ne2 dxe4 13. O-O-O exf3 14. Nxf3 Qb6 15. Ned4 Rb8 16. Rd2 Re8 17. Qg5 Ne4 18. Re2 Bd7 19. Qh4 Qc5+ 20. Kb1 Nc3+ 21. Ka1 Nxe2 22. Ng5 h6 23. Nxf7 Qxd4 24. Nxh6+ gxh6 25. Qh5 Qxb2# 0-1

[Event "SWE-ch Blitz 2019"]
[Site "Eskilstuna"]
[Date "2019.07.11"]
[Round "2.24"]
[White "Tadjerbashi, Amir"]
[Black "Adolfsson, Kjell"]
[Result "1/2-1/2"]
[ECO "B40"]
[WhiteElo "2199"]
[BlackElo "1895"]
[Annotator "NA"]
[PlyCount "88"]
[EventDate "2019.07.06"]
[EventType "swiss"]
[EventCountry "SWE"]
[SourceTitle "playchess.com"]
[Source "ChessBase"]
[SourceQuality "1"]
[TimeControl "180+2"]

1. e4 e6 2. d4 Nf6 3. Nd2 c5 4. Ngf3 cxd4 5. Nxd4 Nc6 6. Nxc6 dxc6 7. e5 Nd5 8. Ne4 Qh4 9. Qe2 Nf4 10. Bxf4 Qxf4 11. Nd2 Bc5 12. g3 Qb4 13. O-O-O O-O 14. Ne4 Be7 15. f4 b6 16. Bg2 Bb7 17. Nd6 Bxd6 18. Rxd6 Rac8 19. Rhd1 Qa4 20. Kb1 Ba6 21. Qd2 c5 22. b3 Qb5 23. c4 Qe8 24. Bc6 Rxc6 25. Rd8 Qe7 26. Rxf8+ Qxf8 27. Qd7 Rc8 28. Qxa7 Ra8 29. Qxb6 h5 30. Rd7 Qc8 31. Qd6 Rb8 32. Qd2 Bxc4 33. Qd6 Bb5 34. Ra7 Be8 35. Qe7 g6 36. h3 Qd8 37. Qxc5 Qd1+ 38. Qc1 Qd3+ 39. Qc2 Qf1+ 40. Kb2 Qxh3 41. Qc7 Qg2+ 42. Ka3 Ra8 43. Rxa8 Qxa8+ 44. Kb2 Qg2+ 1/2-1/2

[Event "SWE-ch Blitz 2019"]
[Site "Eskilstuna"]
[Date "2019.07.11"]
[Round "3.1"]
[White "Tikkanen, Hans"]
[Black "Johansson, Robin"]
[Result "*"]
[ECO "D02"]
[WhiteElo "2503"]
[BlackElo "2174"]
[Annotator "ChessBase"]
[PlyCount "34"]
[EventDate "2019.07.06"]
[EventType "swiss"]
[EventCountry "SWE"]
[SourceTitle "playchess.com"]
[Source "ChessBase"]
[SourceQuality "1"]
[TimeControl "180+2"]

1. d4 d5 2. Nf3 Nc6 3. e3 Bg4 4. h3 Bxf3 5. Qxf3 e5 6. Bb5 e4 7. Qe2 Nge7 8. c4 a6 9. Ba4 dxc4 10. Bxc6+ Nxc6 11. Qxc4 Bd6 12. Nc3 Qg5 13. O-O Qg6 14. d5 Ne5 15. Qxe4 f5 16. Qa4+ Kf7 17. f4 Nd3 *

[Event "SWE-ch Blitz 2019"]
[Site "Eskilstuna"]
[Date "2019.07.11"]
[Round "3.2"]
[White "Cardenas, William"]
[Black "Agrest, Evgenij"]
[Result "*"]
[ECO "D11"]
[WhiteElo "2104"]
[BlackElo "2583"]
[Annotator "ChessBase"]
[PlyCount "44"]
[EventDate "2019.07.06"]
[EventType "swiss"]
[EventCountry "SWE"]
[SourceTitle "playchess.com"]
[Source "ChessBase"]
[SourceQuality "1"]
[TimeControl "180+2"]

1. d4 d5 2. Nf3 Nf6 3. g3 Bg4 4. Bg2 Nbd7 5. O-O e6 6. c4 c6 7. Qb3 Qb6 8. c5 Qa6 9. Re1 b6 10. cxb6 axb6 11. Nc3 Bf5 12. Bf1 Qb7 13. Bf4 Be7 14. a4 O-O 15. a5 c5 16. Qb5 Qa6 17. Qxa6 Rxa6 18. e4 dxe4 19. Bxa6 exf3 20. d5 bxa5 21. Rxa5 Re8 22. Bb5 exd5 *

[Event "SWE-ch Blitz 2019"]
[Site "Eskilstuna"]
[Date "2019.07.11"]
[Round "3.3"]
[White "Wahlund, Max"]
[Black "Schussler, Harry"]
[Result "*"]
[ECO "A40"]
[WhiteElo "2100"]
[BlackElo "2410"]
[Annotator "NA"]
[PlyCount "45"]
[EventDate "2019.07.06"]
[EventType "swiss"]
[EventCountry "SWE"]
[SourceTitle "playchess.com"]
[Source "ChessBase"]
[SourceQuality "1"]
[TimeControl "180+2"]

1. d4 e6 2. c4 Bb4+ 3. Bd2 a5 4. g3 b6 5. Bg2 Ra7 6. a3 Bxd2+ 7. Qxd2 Bb7 8. Bxb7 Rxb7 9. e4 d5 10. cxd5 exd5 11. e5 Ne7 12. Nc3 O-O 13. O-O-O c5 14. dxc5 bxc5 15. Nxd5 Rd7 16. Nxe7+ Qxe7 17. Qe2 Rxd1+ 18. Kxd1 c4 19. Qxc4 Qb7 20. f3 Rd8+ 21. Ke1 Nc6 22. Qc3 Nd4 23. Kf2 *

[Event "SWE-ch Blitz 2019"]
[Site "Eskilstuna"]
[Date "2019.07.11"]
[Round "3.5"]
[White "Tuomainen, Felix"]
[Black "Seo, Jung Min"]
[Result "*"]
[ECO "A77"]
[WhiteElo "2208"]
[BlackElo "2399"]
[Annotator "NA"]
[PlyCount "67"]
[EventDate "2019.07.06"]
[EventType "swiss"]
[EventCountry "SWE"]
[SourceTitle "playchess.com"]
[Source "ChessBase"]
[SourceQuality "1"]
[TimeControl "180+2"]

1. d4 Nf6 2. c4 c5 3. d5 e6 4. Nc3 exd5 5. cxd5 d6 6. Nf3 g6 7. Nd2 Bg7 8. e4 O-O 9. Be2 a6 10. a4 Re8 11. O-O Nbd7 12. Qc2 Ne5 13. h3 g5 14. Nf3 Nxf3+ 15. Bxf3 g4 16. hxg4 Nxg4 17. Bf4 h5 18. Ra3 Qf6 19. Bxg4 Bxg4 20. Be3 Qg6 21. f3 Bd7 22. Rb3 Rab8 23. Rb6 Be5 24. Qd2 Qg3 25. f4 Bxc3 26. bxc3 Rxe4 27. Rf3 Qg6 28. Qf2 Rbe8 29. f5 Bxf5 30. Rxf5 Rxe3 31. Rf6 Re1+ 32. Kh2 Qg4 33. Rxf7 R1e2 34. Qf3 *

[Event "SWE-ch Blitz 2019"]
[Site "Eskilstuna"]
[Date "2019.07.11"]
[Round "3.7"]
[White "Aroven, Mikael"]
[Black "Rydstrom, Tom"]
[Result "*"]
[ECO "A09"]
[WhiteElo "2103"]
[BlackElo "2345"]
[Annotator "NA"]
[PlyCount "53"]
[EventDate "2019.07.06"]
[EventType "swiss"]
[EventCountry "SWE"]
[SourceTitle "playchess.com"]
[Source "ChessBase"]
[SourceQuality "1"]
[TimeControl "180+2"]

1. Nf3 d5 2. c4 d4 3. e3 Nc6 4. b4 dxe3 5. fxe3 Nxb4 6. d4 e5 7. a3 Nc6 8. d5 e4 9. dxc6 Qxd1+ 10. Kxd1 exf3 11. gxf3 Ne7 12. cxb7 Bxb7 13. Ke2 O-O-O 14. Bh3+ f5 15. Bb2 Rg8 16. Rc1 g5 17. Bf6 g4 18. fxg4 fxg4 19. Bf1 Rg6 20. Bh4 Rh6 21. Bg3 Nf5 22. Bf4 Re6 23. Nc3 Nd4+ 24. Kf2 Nb3 25. Rab1 Nxc1 26. Rxc1 Bxa3 27. Rc2 *

[Event "SWE-ch Blitz 2019"]
[Site "Eskilstuna"]
[Date "2019.07.11"]
[Round "3.8"]
[White "Drugge, Patrik"]
[Black "Kucuksari, Kaan"]
[Result "0-1"]
[ECO "B23"]
[WhiteElo "2201"]
[BlackElo "2310"]
[Annotator "NA"]
[PlyCount "38"]
[EventDate "2019.07.06"]
[EventType "swiss"]
[EventCountry "SWE"]
[SourceTitle "playchess.com"]
[Source "ChessBase"]
[SourceQuality "1"]
[TimeControl "180+2"]

1. e4 c5 2. Nc3 e6 3. g3 a6 4. a4 d5 5. exd5 exd5 6. d4 cxd4 7. Qxd4 Nf6 8. Bg2 Nc6 9. Qd1 Bb4 10. Bd2 O-O 11. Nge2 d4 12. Ne4 Nxe4 13. Bxe4 Re8 14. Bxc6 bxc6 15. O-O Bf8 16. Nf4 c5 17. Qh5 g6 18. Qd5 Qc7 19. Nd3 Bb7 0-1

[Event "SWE-ch Blitz 2019"]
[Site "Eskilstuna"]
[Date "2019.07.11"]
[Round "3.11"]
[White "Pantzar, Milton"]
[Black "Lindborg, Petter"]
[Result "*"]
[ECO "A84"]
[WhiteElo "2357"]
[BlackElo "2193"]
[Annotator "NA"]
[PlyCount "51"]
[EventDate "2019.07.06"]
[EventType "swiss"]
[EventCountry "SWE"]
[SourceTitle "playchess.com"]
[Source "ChessBase"]
[SourceQuality "1"]
[TimeControl "180+2"]

1. d4 e6 2. c4 f5 3. Nf3 Nf6 4. Nc3 Bb4 5. Qc2 b6 6. g3 Bb7 7. Bg2 O-O 8. O-O Bxc3 9. Qxc3 a5 10. Qc2 Be4 11. Qb3 Nc6 12. Rd1 Nb4 13. Rd2 Qe7 14. a3 Nc6 15. Bf1 a4 16. Qc3 Na5 17. Rd1 Nb3 18. Ra2 Bb1 19. Ra1 Nxa1 20. Bg5 Nb3 21. Rxb1 h6 22. Bf4 Ne4 23. Qc2 d6 24. Rd1 Qf6 25. Be3 g5 26. Ne1 *

[Event "SWE-ch Blitz 2019"]
[Site "Eskilstuna"]
[Date "2019.07.11"]
[Round "3.12"]
[White "Carlstrom, Niklas"]
[Black "Olund, Joar"]
[Result "*"]
[ECO "B11"]
[WhiteElo "2083"]
[BlackElo "2313"]
[Annotator "NA"]
[PlyCount "52"]
[EventDate "2019.07.06"]
[EventType "swiss"]
[EventCountry "SWE"]
[SourceTitle "playchess.com"]
[Source "ChessBase"]
[SourceQuality "1"]
[TimeControl "180+2"]

1. e4 c6 2. Nc3 d5 3. Nf3 Nf6 4. e5 Ne4 5. Ne2 Qb6 6. d4 e6 7. Ng3 c5 8. Bd3 Nc6 9. Nxe4 dxe4 10. Bxe4 Nxd4 11. O-O Be7 12. c3 Nxf3+ 13. Qxf3 O-O 14. Qg3 Kh8 15. Rd1 Qc7 16. Qh3 g6 17. Bf4 Rd8 18. Qh6 Bf8 19. Qh4 Rxd1+ 20. Rxd1 Bd7 21. Bg5 Bg7 22. Bf6 Kg8 23. Bxg7 Kxg7 24. Qf6+ Kg8 25. h4 Bc6 26. Bc2 h5 *

[Event "SWE-ch Blitz 2019"]
[Site "Eskilstuna"]
[Date "2019.07.11"]
[Round "3.13"]
[White "Horn, Emilia"]
[Black "Nilsson, Joakim"]
[Result "*"]
[ECO "B15"]
[WhiteElo "1984"]
[BlackElo "2319"]
[Annotator "NA"]
[PlyCount "51"]
[EventDate "2019.07.06"]
[EventType "swiss"]
[EventCountry "SWE"]
[SourceTitle "playchess.com"]
[Source "ChessBase"]
[SourceQuality "1"]
[TimeControl "180+2"]

1. e4 c6 2. d4 d5 3. Nd2 dxe4 4. Nxe4 Nf6 5. Nxf6+ exf6 6. c3 Bd6 7. g3 O-O 8. Bg2 Re8+ 9. Ne2 Nd7 10. O-O Nf8 11. Bf4 Be6 12. Qd3 Ng6 13. Bxd6 Qxd6 14. Rfe1 Bd5 15. f3 Be6 16. c4 Ne5 17. Qc3 Nxc4 18. Nf4 Nb6 19. Rad1 Nd5 20. Nxd5 Bxd5 21. b3 Qd7 22. a3 h6 23. b4 Rxe1+ 24. Rxe1 Re8 25. Re3 Re6 26. f4 *

[Event "SWE-ch Blitz 2019"]
[Site "Eskilstuna"]
[Date "2019.07.11"]
[Round "3.14"]
[White "Alm, Hakan"]
[Black "Carlsson, Ludvig"]
[Result "*"]
[ECO "C02"]
[WhiteElo "2276"]
[BlackElo "2218"]
[Annotator "NA"]
[PlyCount "66"]
[EventDate "2019.07.06"]
[EventType "swiss"]
[EventCountry "SWE"]
[SourceTitle "playchess.com"]
[Source "ChessBase"]
[SourceQuality "1"]
[TimeControl "180+2"]

1. e4 e6 2. d4 d5 3. e5 c5 4. c3 Nc6 5. Nf3 Qb6 6. a3 c4 7. Nbd2 Bd7 8. g3 Nge7 9. Bh3 Qc7 10. O-O Na5 11. Rb1 Nc8 12. Ng5 h6 13. Ngf3 Nb6 14. Nh4 Ba4 15. Qh5 O-O-O 16. f4 Bc2 17. Ra1 Kb8 18. Qf3 Bd3 19. Rf2 Be7 20. Ng2 Bc2 21. Ne3 Bh7 22. f5 Rdf8 23. Qg4 Bg5 24. Qe2 Qe7 25. Bg4 Qd7 26. h4 Bxe3 27. Qxe3 Bxf5 28. Bxf5 exf5 29. Qf4 g6 30. Rb1 Qe6 31. b4 cxb3 32. Nxb3 Nxb3 33. Rxb3 Ka8 *

[Event "SWE-ch Blitz 2019"]
[Site "Eskilstuna"]
[Date "2019.07.11"]
[Round "3.15"]
[White "Nordgren, Tom"]
[Black "Nygren, Kim"]
[Result "*"]
[ECO "A25"]
[WhiteElo "1869"]
[BlackElo "2171"]
[Annotator "NA"]
[PlyCount "45"]
[EventDate "2019.07.06"]
[EventType "swiss"]
[EventCountry "SWE"]
[SourceTitle "playchess.com"]
[Source "ChessBase"]
[SourceQuality "1"]
[TimeControl "180+2"]

1. c4 Nf6 2. g3 d6 3. Bg2 e5 4. Nc3 Nc6 5. d3 Bg4 6. Nf3 h6 7. h3 Bd7 8. O-O g5 9. Rb1 a5 10. a3 g4 11. hxg4 Nxg4 12. Nh2 Nxh2 13. Kxh2 h5 14. Rh1 h4 15. Kg1 h3 16. Bd5 Qf6 17. Ne4 Qg6 18. Bg5 Bg7 19. Be3 Rh5 20. Kh2 f5 21. Nd2 f4 22. Be4 Qf6 23. Qg1 *

[Event "SWE-ch Blitz 2019"]
[Site "Eskilstuna"]
[Date "2019.07.11"]
[Round "3.16"]
[White "Zadruzny, Nicolaj"]
[Black "Troedsson, Anton"]
[Result "*"]
[ECO "D01"]
[WhiteElo "2280"]
[BlackElo "2045"]
[Annotator "NA"]
[PlyCount "55"]
[EventDate "2019.07.06"]
[EventType "swiss"]
[EventCountry "SWE"]
[SourceTitle "playchess.com"]
[Source "ChessBase"]
[SourceQuality "1"]
[TimeControl "180+2"]

1. d4 d5 2. Nc3 Nf6 3. Bg5 Nbd7 4. Qd3 g6 5. f3 h6 6. Bh4 Bg7 7. e4 g5 8. Bf2 e6 9. h4 g4 10. e5 Ng8 11. fxg4 Ne7 12. Nf3 b6 13. O-O-O Bb7 14. Ne2 c5 15. c3 Qc7 16. Kb1 Rc8 17. Nf4 Nc6 18. Nh5 Bf8 19. g5 cxd4 20. cxd4 hxg5 21. hxg5 Rg8 22. Qh7 Rg6 23. Bd3 Ne7 24. Rc1 Qb8 25. Rxc8+ Bxc8 26. Bxg6 Nxg6 27. Nh4 Ba6 28. Rh3 *

[Event "SWE-ch Blitz 2019"]
[Site "Eskilstuna"]
[Date "2019.07.11"]
[Round "3.17"]
[White "Paltzer, Brandy"]
[Black "Wengholm, Anders"]
[Result "*"]
[ECO "B80"]
[WhiteElo "1715"]
[BlackElo "2219"]
[Annotator "NA"]
[PlyCount "86"]
[EventDate "2019.07.06"]
[EventType "swiss"]
[EventCountry "SWE"]
[SourceTitle "playchess.com"]
[Source "ChessBase"]
[SourceQuality "1"]
[TimeControl "180+2"]

1. e4 c5 2. Nf3 d6 3. d4 cxd4 4. Nxd4 Nf6 5. Nc3 e6 6. Bg5 Be7 7. Bb5+ Bd7 8. Bxd7+ Nbxd7 9. O-O a6 10. Re1 h6 11. Bh4 O-O 12. Nf3 Rc8 13. e5 dxe5 14. Nxe5 Nxe5 15. Qxd8 Rfxd8 16. Rxe5 Rd2 17. Rc1 g5 18. Bg3 Nh5 19. Re2 Rxe2 20. Nxe2 Nxg3 21. Nxg3 Rd8 22. Kf1 f5 23. b3 Kf7 24. c4 Rd2 25. a4 Bc5 26. Ne2 Rb2 27. Rc3 Rb1+ 28. Rc1 Rxb3 29. g3 Ra3 30. Nc3 Bd4 31. Ne2 Bc5 32. Nc3 Rb3 33. Ne2 Rb2 34. Ke1 Ra2 35. Nc3 Bb4 36. Kf1 Bxc3 37. Rxc3 Rxa4 38. Rb3 Rxc4 39. Rxb7+ Kf6 40. Ra7 Ra4 41. Ke2 Ra2+ 42. Ke3 a5 43. Ra6 a4 *

[Event "SWE-ch Blitz 2019"]
[Site "Eskilstuna"]
[Date "2019.07.11"]
[Round "3.18"]
[White "Malm Lindberg, Henrik"]
[Black "Rajcevski, Dejan"]
[Result "*"]
[ECO "C42"]
[WhiteElo "2189"]
[BlackElo "1946"]
[Annotator "NA"]
[PlyCount "35"]
[EventDate "2019.07.06"]
[EventType "swiss"]
[EventCountry "SWE"]
[SourceTitle "playchess.com"]
[Source "ChessBase"]
[SourceQuality "1"]
[TimeControl "180+2"]

1. e4 e5 2. Nf3 Nf6 3. Nc3 Bb4 4. Nxe5 Bxc3 5. dxc3 d6 6. Nd3 Nxe4 7. Be2 O-O 8. O-O Nc6 9. Nf4 Ne5 10. c4 Bf5 11. Be3 Re8 12. Nd5 c6 13. Nf4 Qc7 14. f3 Nf6 15. Qd2 Qe7 16. Rfe1 Rad8 17. Bf1 Qc7 18. Rad1 *

[Event "SWE-ch Blitz 2019"]
[Site "Eskilstuna"]
[Date "2019.07.11"]
[Round "3.19"]
[White "Holving, Rasmus"]
[Black "Andersson, Gorgen"]
[Result "*"]
[ECO "B02"]
[WhiteElo "2158"]
[BlackElo "1869"]
[Annotator "NA"]
[PlyCount "57"]
[EventDate "2019.07.06"]
[EventType "swiss"]
[EventCountry "SWE"]
[SourceTitle "playchess.com"]
[Source "ChessBase"]
[SourceQuality "1"]
[TimeControl "180+2"]

1. Nc3 Nf6 2. e4 d5 3. e5 Nfd7 4. e6 fxe6 5. d4 g6 6. h4 Bg7 7. h5 Nf6 8. hxg6 hxg6 9. Rxh8+ Bxh8 10. Bd3 Kf7 11. Nf3 Nc6 12. Bh6 Bg7 13. Bf4 Qh8 14. Nb5 Qh1+ 15. Bf1 Nh5 16. Be3 b6 17. Ng5+ Kg8 18. Qd3 Ba6 19. a4 Qh4 20. Qxg6 Bxb5 21. Qh7+ Kf8 22. Nxe6+ Kf7 23. Ng5+ Kf8 24. Bxb5 Nxd4 25. Bxd4 Qxd4 26. Ne6+ Kf7 27. Nxd4 Nf6 28. Qf5 Rh8 29. Ke2 *

[Event "SWE-ch Blitz 2019"]
[Site "Eskilstuna"]
[Date "2019.07.11"]
[Round "3.20"]
[White "Tadjerbashi, Amir"]
[Black "Alfven, Jorgen"]
[Result "*"]
[ECO "B91"]
[WhiteElo "2199"]
[BlackElo "1876"]
[Annotator "NA"]
[PlyCount "56"]
[EventDate "2019.07.06"]
[EventType "swiss"]
[EventCountry "SWE"]
[SourceTitle "playchess.com"]
[Source "ChessBase"]
[SourceQuality "1"]
[TimeControl "180+2"]

1. e4 c5 2. Nf3 d6 3. d4 cxd4 4. Nxd4 Nf6 5. Nc3 a6 6. g3 Nc6 7. Nde2 e5 8. Bg2 Be6 9. h3 Be7 10. O-O O-O 11. a4 Rc8 12. Be3 Bc4 13. Re1 b5 14. axb5 axb5 15. b3 Bxe2 16. Rxe2 b4 17. Nd5 Nxd5 18. Qxd5 Bg5 19. f4 exf4 20. gxf4 Bf6 21. Ra6 Nd4 22. Bxd4 Bxd4+ 23. Qxd4 Qh4 24. Qf2 Qe7 25. Rd2 Rfd8 26. Ra5 Rc3 27. Rad5 h6 28. e5 Rc6 *

[Event "SWE-ch Blitz 2019"]
[Site "Eskilstuna"]
[Date "2019.07.11"]
[Round "3.21"]
[White "Madebrink, Lars"]
[Black "Attefall, Fredrik"]
[Result "*"]
[ECO "D02"]
[WhiteElo "2147"]
[BlackElo "2077"]
[Annotator "NA"]
[PlyCount "57"]
[EventDate "2019.07.06"]
[EventType "swiss"]
[EventCountry "SWE"]
[SourceTitle "playchess.com"]
[Source "ChessBase"]
[SourceQuality "1"]
[TimeControl "180+2"]

1. d4 d5 2. c4 c6 3. Nf3 Nf6 4. Nc3 Bf5 5. Bf4 e6 6. e3 Bd6 7. Ne5 O-O 8. Be2 dxc4 9. Bxc4 Nbd7 10. Nxf7 Rxf7 11. Bxd6 Nb6 12. Bb3 Qxd6 13. f3 Bg6 14. O-O Nfd5 15. e4 Nxc3 16. bxc3 Kh8 17. e5 Qd7 18. f4 Nd5 19. Qg4 Raf8 20. g3 Bf5 21. Qf3 Bg6 22. Rad1 Qe7 23. Rd2 Bf5 24. Rfd1 g5 25. c4 Nb6 26. g4 Bg6 27. f5 exf5 28. Qe3 fxg4 29. d5 *

[Event "SWE-ch Blitz 2019"]
[Site "Eskilstuna"]
[Date "2019.07.11"]
[Round "3.22"]
[White "Adler, Bo"]
[Black "Nordstrom, Per-Olov"]
[Result "*"]
[ECO "B23"]
[WhiteElo "2181"]
[BlackElo "1870"]
[Annotator "NA"]
[PlyCount "54"]
[EventDate "2019.07.06"]
[EventType "swiss"]
[EventCountry "SWE"]
[SourceTitle "playchess.com"]
[Source "ChessBase"]
[SourceQuality "1"]
[TimeControl "180+2"]

1. e4 c5 2. Nc3 Nc6 3. f4 g6 4. Nf3 Bg7 5. Bb5 Nd4 6. Be2 d6 7. O-O e6 8. d3 Ne7 9. Kh1 O-O 10. Be3 Rb8 11. Qd2 f5 12. Bg1 b5 13. Nxd4 cxd4 14. Nd1 Nc6 15. Bf3 Bb7 16. Nf2 Qe7 17. Rae1 a6 18. g4 e5 19. exf5 gxf5 20. Bd5+ Kh8 21. gxf5 Rxf5 22. Ne4 Bh6 23. Qg2 Bxf4 24. Ng3 Rf6 25. Nh5 Rg6 26. Qe4 Qh4 27. Nxf4 exf4 *